 Dungeon Crawl Stone Soup version 0.19.1-1-g22dce08 (webtiles) character file.

179 Jynx the Firebug (level 5, 0/28 HPs)
             Began as a Tengu Fire Elementalist on Jan 16, 2017.
             Slain by a phantom (9 damage)
             ... on level 4 of the Dungeon.
             The game lasted 00:05:40 (3231 turns).

Jynx the Firebug (Tengu Fire Elementalist)          Turns: 3231, Time: 00:05:41

Health: 0/28       AC:  3    Str:  8    XL:     5   Next: 59%
Magic:  0/10       EV: 13    Int: 16    God:
Gold:   283        SH:  0    Dex: 15    Spells: 3 memorised, 2 levels left

rFire  . . .     SeeInvis .     e - +2 short sword (freeze)
rCold  . . .     Gourm    .     a - +1 robe
rNeg   . . .     Faith    .     (no shield)
rPois  .         Spirit   .     (helmet restricted)
rElec  .         Reflect  .     (no cloak)
rCorr  .         Harm     .     (no gloves)
MR     .....                    (boots unavailable)
Stlth  ++........               (no amulet)
                                (no ring)
                                (no ring)

@: no status effects
A: beak, talons 3, able to fly 1
a: Fly


You were on level 4 of the Dungeon.
You were not hungry.

You visited 1 branch of the dungeon, and saw 4 of its levels.

You collected 283 gold pieces.

Inventory:

Hand Weapons
 e - a +2 short sword of freezing (weapon)
Armour
 a - a +1 robe (worn)
Jewellery
 i - a +2 ring of evasion {unknown}
 o - an uncursed ring of stealth {unknown}
 p - an uncursed amulet of harm {unknown}
 q - a cursed amulet of inaccuracy {unknown}
Scrolls
 k - a scroll of fear
 n - a scroll of remove curse
Potions
 f - a potion of cure mutation
 g - 2 potions of lignification
 j - 3 potions of resistance
 l - a potion of agility
Books
 b - a book of Flames

   Spells                             Type                      Level
   a - Flame Tongue                   Conjuration/Fire             1
   b - Throw Flame                    Conjuration/Fire             2
   c - Conjure Flame                  Conjuration/Fire             3
   d - Inner Flame                    Hexes/Fire                   3
   e - Sticky Flame                   Conjuration/Fire             4
   f - Fireball                       Conjuration/Fire             5
Comestibles
 c - 2 bread rations
 d - a meat ration


   Skills:
 - Level 2.1 Dodging
 - Level 2.0 Stealth
 + Level 3.0 Spellcasting
 + Level 3.6 Conjurations
 * Level 5.2 Fire Magic


You had 2 spell levels left.
You knew the following spells:

 Your Spells              Type           Power        Failure   Level  Hunger
a - Flame Tongue          Conj/Fire      ###..        3%          1    #......
b - Conjure Flame         Conj/Fire      ###.....     12%         3    ###....
c - Sticky Flame          Conj/Fire      ###.....     34%         4    #####..


Dungeon Overview and Level Annotations

Branches:
Dungeon (4/15)
 Temple: D:4-7

Altars:
Uskayaw


Innate Abilities, Weirdness & Mutations

You have a beak for a mouth.
You have claws for feet.
You can fly.


Message History

You feel better. The phantom barely misses you.
Casting: Flame Tongue
Confirm with . or Enter, or press ? or * to list all spells.
You don't have enough magic to cast that spell.
Casting: Flame Tongue
Confirm with . or Enter, or press ? or * to list all spells.
You don't have enough magic to cast that spell.
Casting: Flame Tongue
Confirm with . or Enter, or press ? or * to list all spells.
You don't have enough magic to cast that spell.
You miss the phantom.
The phantom is heavily damaged.
The phantom hits you.
You barely miss the phantom.
The phantom is heavily damaged.
The phantom hits you but does no damage.
You hit the phantom. You claw the phantom.
The phantom is severely damaged.
The phantom hits you!
You die...

.##..# .##..#
.##..#######.
.##..........
###.######### #.#
#.###########
#...........########.#
###########..W@......#
############


You could see a phantom.

Vanquished Creatures
  A worker ant (D:4)
  Robin (D:2)
  5 adders
  3 worms (D:2)
  6 dart slugs
  3 leopard geckos
  2 giant cockroaches
  17 goblins
  10 hobgoblins
  10 kobolds
  A quokka (D:2)
  5 bats
  3 frilled lizards
  12 rats
79 creatures vanquished.

Notes
Turn   | Place    | Note
-------+----------+-------------------------------------------
     0 | D:1      | Jynx the Tengu Fire Elementalist began the quest for the Orb.
     0 | D:1      | Reached XP level 1. HP: 10/10 MP: 4/4
   231 | D:1      | Reached XP level 2. HP: 15/15 MP: 4/6
  1124 | D:2      | Reached XP level 3. HP: 19/19 MP: 1/7
  1195 | D:2      | Reached skill level 4 in Fire Magic
  1264 | D:2      | Noticed Robin
  1572 | D:2      | Found a hide-covered altar of Uskayaw.
  1572 | D:2      | Noticed a dagger
  1574 | D:2      | Noticed a hand axe
  1586 | D:2      | Reached XP level 4. HP: 24/24 MP: 5/9
  1742 | D:2      | Killed Robin
  2267 | D:2      | Found a faded altar of an unknown god.
  2414 | D:3      | Gained mutation: You can fly. [Tengu growth]
  2414 | D:3      | Reached XP level 5. HP: 27/28 MP: 2/10
  2662 | D:3      | Reached skill level 5 in Fire Magic
  2961 | D:3      | Learned a level 3 spell: Conjure Flame
  2966 | D:3      | Learned a level 4 spell: Sticky Flame
  3213 | D:4      | Noticed a phantom
  3223 | D:4      | HP: 1/28 [phantom (9)]
  3231 | D:4      | Slain by a phantom

Skill      XL: |  1  2  3  4  5 |
---------------+----------------+-----
Conjurations   | 2 3 |  3.6
Fire Magic     | 4 5 |  5.2
Spellcasting   | 3 |  3.0
Dodging        | |  2.1
Stealth        | |  2.0

Action                   |  1- 3 |  4- 6 || total
-------------------------+-------+-------++-------
Melee: Short sword       |     4 |    10 ||    14
       Peck              |     1 |     2 ||     3
       Kick              |       |     1 ||     1
 Cast: Flame Tongue      |    54 |    91 ||   145
  Use: Scroll            |     5 |     9 ||    14
       Potion            |       |     2 ||     2
  Eat: Chunk             |     3 |     5 ||     8
Armor: Robe              |     3 |     7 ||    10
Dodge: Dodged            |    12 |    26 ||    38
